cohdb
Replays
Latest Replays
All Replays
Popular Replays
Top Player Replays
Match Explorer
How It Works
Community
CoH3 Stats
Reddit
Sign in to upload your games and track your stats! →
Sign in with Steam
Match 40828717
Unlisted
Match 40828717
Overview
Messages
Build Orders
End
Vickers Machine Gun Team
Construct Section Command Post
Infantry Section
ML 3-inch Mortar Team
Construct Platoon Command Post
Selects Canadian Shock Battlegroup
Selects Attacking Spirit
Selects Canadian Shock Section
Canadian Shock Section
CMP 15cwt Truck
Canadian Shock Section
6-pounder Anti-tank Gun Team
Canadian Shock Section
ShiftyParadigm
Dodo
彡★🔻SALADIN🔻★彡
Oberst Vorschaft
Bobokhan
jota barba 7
0
0
Comments
sign in to comment!
No comments posted yet!